 Dungeon Crawl Stone Soup version 0.29.0-4-gdea44cf6ec (webtiles) character file.

Game seed: 5635218860402492262

39 NinjaNoafa the Vexing (level 3, -2/16 HPs)
             Began as a Vampire Enchanter on Aug 26, 2022.
             Slain by an adder (3 damage)
             ... on level 3 of the Dungeon.
             The game lasted 00:08:00 (2036 turns).

NinjaNoafa the Vexing (Vampire Enchanter)           Turns: 2036, Time: 00:08:01

Health: -2/16      AC:  0    Str:  5 (7)  XL:     3   Next: 26%
Magic:  6/6        EV: 19    Int: 17 (19) God:
Gold:   66         SH:  0    Dex: 17 (19) Spells: 7/7 levels left

rFire   . . .      SeeInvis +   (weapon currently unavailable)
rCold   + + .      Faith    .   (shield currently unavailable)
rNeg    + + +      Spirit   .   (body armour currently unavailable)
rPois   ∞          Reflect  .   (helmet currently unavailable)
rElec   .          Harm     .   (cloak currently unavailable)
rCorr   .          Rampage  .   (gloves currently unavailable)
Will    .....                   (boots currently unavailable)
Stlth   +++++.....              (no amulet)
HPRegen 0.00/turn               (ring currently unavailable)
MPRegen 0.10/turn               (ring currently unavailable)

@: bat-form, flying, bloodless, inhibited regen, very quick
A: fast, flying, no casting, tiny, bloodless, fangs 3, see invisible, vampiric
2, [frail 1]
a: Revivify, End Transformation


You were on level 3 of the Dungeon.
You were a vampire bat.
You visited 1 branch of the dungeon, and saw 3 of its levels.

You collected 66 gold pieces.

Inventory:

Hand Weapons
 a - a +1 dagger (melded)
Missiles
 f - 25 stones (quivered)
 l - 5 atropa-tipped darts
Armour
 b - a +0 robe (melded)
Scrolls
 d - a scroll of magic mapping {unknown}
 e - 4 scrolls of blinking {unknown}
 g - a scroll of poison {unknown}
 h - a scroll of fog {unknown}
 i - a scroll of brand weapon {unknown}
 j - a scroll of fear {unknown}
 m - a scroll of summoning {unknown}
 o - a scroll of identify {unknown}
 p - a scroll of teleportation {unknown}
Potions
 c - 2 potions of invisibility
 k - 2 potions of mutation {unknown}
 n - 2 potions of degeneration {unknown}
 q - a potion of curing {unknown}


   Skills:
 * Level 1.5 Short Blades
 - Level 2.1 Dodging
 - Level 4.4 Stealth
 + Level 2.5 Spellcasting
 - Level 5.0 Hexes
 + Level 1.5 Ice Magic


You had 7 spell levels left.
You didn't know any spells.
Your spell library contained the following spells:

 Spells                   Type           Power      Damage    Failure   Level
 Confusing Touch          Hex            19%        N/A       7%          3
 Tukima's Dance           Hex            19%        N/A       7%          3
 Ensorcelled Hibernation  Hex/Ice        26%        N/A       8%          2
 Apportation              Tloc           4%         N/A       19%         1
 Dazzling Flash           Conj/Hex       20%        N/A       21%         3
 Alistair's Intoxication  Tmut/Pois      1%         N/A       99%         5


Dungeon Overview and Level Annotations

Branches:
Dungeon (3/15)

Altars:


Innate Abilities, Weirdness & Mutations

You are a vampire bat.
You are tiny and dextrous.
You move quickly.
You are flying.
You are immune to poison.
Your equipment is almost entirely melded.
You are incapable of wielding weapons or throwing items.
You cannot cast spells.
You do not regenerate when monsters are visible.
You are frail without blood (-20% HP).
You can heal yourself when you bite living creatures.
You are immune to poison.
You have razor-sharp teeth.
You have supernaturally acute eyesight. (SInv)
You are afflicted with vampirism and can become a bat while bloodless.
[You are frail. (-10% HP)]


Message History

The adder bites you.
You closely miss the adder.
The adder is heavily wounded.
The adder bites you. The adder misses you.
You barely miss the adder.
The adder is heavily wounded.
The adder bites you.
You hit the adder but do no damage.
The adder is heavily wounded.
The adder bites you.
You hit the adder but do no damage.
The adder is heavily wounded.
The adder barely misses you.
You hit the adder but do no damage.
The adder is heavily wounded.
The adder bites you. The adder misses you.
You hit the adder but do no damage. Your bite misses the adder.
The adder is heavily wounded.
The adder barely misses you.
You hit the adder but do no damage.
The adder is heavily wounded.
The adder closely misses you.
You closely miss the adder. Your bite misses the adder.
The adder is heavily wounded.
The adder completely misses you. The adder barely misses you.
You closely miss the adder.
The adder is heavily wounded.
The adder bites you.
You hit the adder but do no damage.
The adder is heavily wounded.
The adder bites you.
* * * LOW HITPOINT WARNING * * *
You barely miss the adder.
The adder is heavily wounded.
The adder misses you. The adder bites you.
* * * LOW HITPOINT WARNING * * *
You closely miss the adder.
The adder is heavily wounded.
The adder bites you.
You die...

##.. .## # #...
.. .. ##
#..###.##.#
...#.........
.....#...#
#......#.#. #
#..<.......
#.#.##..#.#.####
#....bS........
###:##.########
# #... #####


You could see an adder.

Vanquished Creatures
  5 dart slugs
  3 ball pythons
  2 bats
  3 endoplasms
  2 goblins
  3 hobgoblins
  A kobold (D:1)
  A quokka (D:1)
  4 frilled lizards (D:1)
  3 rats
27 creatures vanquished.

Notes
Turn   | Place    | Note
-------+----------+-------------------------------------------
     0 | D:1      | NinjaNoafa the Vampire Enchanter began the quest for the
                  | Orb.
     0 | D:1      | Reached XP level 1. HP: 13/13 MP: 3/3
   281 | D:1      | Reached XP level 2. HP: 16/17 MP: 5/5
   301 | D:1      | Reached skill level 1 in Ice Magic
   884 | D:2      | Reached skill level 5 in Hexes
  1130 | D:2      | Gained mutation: You are afflicted with vampirism and can
                  | become a bat while bloodless. [Vampire growth]
  1130 | D:2      | Reached XP level 3. HP: 20/21 MP: 6/6
  2036 | D:3      | Slain by an adder

Illustrated notes

Levels and vault maps discovered:
D:1:      reono_arrival_forest_river, layout_basic
D:2:      layout_basic
D:3:      layout_basic, grunt_gozag_statues, elyvilon_altar_5,
          minmay_misc_feat_more_columns, hangedman_decor_points, uniq_grinder

Skill      XL: |  1  2 |
---------------+-------+-----
Ice Magic      | 1 |  1.5
Hexes          | 5 |  5.0
Short Blades   | |  1.5
Dodging        | |  2.1
Stealth        | |  4.4
Spellcasting   | |  2.5

Action                   || total
-------------------------++-------
Melee: Dagger            ||    94
       Bite              ||    14
       Unarmed           ||    48
 Abil: Exsanguinate      ||     2
       Revivify          ||     1
       Bat Form          ||     1
 Stab: Sleeping          ||     7
Armor: Robe              ||    11
Dodge: Dodged            ||   102
